 Dungeon Crawl Stone Soup version 0.29.0-4-gdea44cf6ec (webtiles) character file.

Game seed: 2769238128632034714

25 qw the Ruffian (level 3, -4/28 HPs)
             Began as a Ghoul Fire Elementalist on Aug 29, 2022.
             Slain by a gnoll
             ... wielding a +0 flail
              (10 damage)
             ... on level 2 of the Dungeon.
             The game lasted 00:00:54 (1502 turns).

qw the Ruffian (Ghoul Fire Elementalist)            Turns: 1502, Time: 00:00:55

Health: -4/28      AC:  2    Str: 13    XL:     3   Next: 6%
Magic:  4/4        EV: 12    Int: 10    God:
Gold:   64         SH:  0    Dex:  9    Spells: 4/5 levels left

rFire   . . .      SeeInvis .     - Unarmed
rCold   + . .      Faith    .   (no shield)
rNeg    + + +      Spirit   .   a - +0 robe
rPois   inf        Reflect  .   (no helmet)
rElec   .          Harm     .   (no cloak)
rCorr   .          Rampage  .   (no gloves)
Will    .....                   (no boots)
Stlth   ++........              (no amulet)
HPRegen 0.00/turn               (no ring)
MPRegen 0.09/turn               (no ring)

@: inhibited regen
A: claws 1, cold resistance 1, negative energy resistance 3, inhibited
regeneration, torment resistance 2, devour on kill
a: no special abilities


You were on level 2 of the Dungeon.
You visited 1 branch of the dungeon, and saw 2 of its levels.

You collected 64 gold pieces.


Innate Abilities, Weirdness & Mutations

You are immune to poison.
You have sharp fingernails.
Your flesh is cold resistant. (rC+)
You are immune to negative energy. (rN+++)
You do not regenerate when monsters are visible.
You are immune to unholy pain and torment.
You thrive by killing the living.


   Skills:
 - Level 1.0 Fighting
 - Level 1.7 Dodging
 - Level 2.1 Stealth
 + Level 2.5 Unarmed Combat
 - Level 1.7 Spellcasting
 - Level 0.7 Conjurations
 - Level 2.4 Fire Magic


You had 4 spell levels left.
You knew the following spells:

 Your Spells              Type           Power      Damage    Failure   Level
a - Foxfire               Conj/Fire      16%        2x1d4     17%         1

Your spell library contained the following spells:

 Spells                   Type           Power      Damage    Failure   Level
 Scorch                   Fire           10%        2d5       19%         2
 Conjure Flame            Conj/Fire      4%         6-21      45%         3
 Inner Flame              Hex/Fire       3%         N/A       52%         3
 Flame Wave               Conj/Fire      4%         2d5       86%         4

Inventory:

Armour
 a - a +0 robe (worn)
Scrolls
 b - a scroll of teleportation {unknown}
Potions
 c - a potion of curing {unknown}
 e - a potion of attraction {unknown}

Dungeon Overview and Level Annotations

Branches:
Dungeon (2/15)

Altars:


Message History

You see here a ball python corpse.
Found a stone staircase leading up.
Found a trident.
b - a scroll labelled NUFEFFAO DIMICK
c - a smoky pink potion You see here a +0 trident.
You open the door.
There is an open door here.
You now have 64 gold pieces (gained 10).
You open the door.
Found a rapier.
Enter note:
There is an open door here.
Found a stone staircase leading up.
There is an open door here.
You open the door.
There is an open door here.
Found a stone staircase leading down.
Enter note: A gnoll comes into view. It is wielding a +0 flail.
1492 ||| Stepping ~*~*~tactically~*~*~ (stealth).
1494 ||| Stepping ~*~*~tactically~*~*~ (stealth). 2 gnolls come into view.
The gnoll shouts!
A gnoll comes into view. It is wielding a +0 spear.
The gnoll barely misses you.
You scratch the gnoll.
The gnoll is lightly wounded.
The gnoll closely misses you.
You barely miss the gnoll.
The gnoll is lightly wounded.
The gnoll closely misses you.
You scratch the gnoll. You claw the gnoll.
The gnoll is severely wounded.
The gnoll hits you with a +0 flail! The gnoll hits you with a +0 halberd!
The gnoll hits you from afar with a +0 spear!
You closely miss the gnoll.
The gnoll is severely wounded.
The gnoll hits you with a +0 flail!
You die...

...P..P..#
..P....P.#
.........##
...P......#
..P...P...#
...PPg....#
#......g..#
#..g@..#
######.### #...#
#...#
####...####
######.........#
>..............#
######.........#
####...####


You could see 3 gnolls.

Vanquished Creatures
  A gnoll (D:1)
  2 giant cockroaches (D:1)
  2 goblins (D:1)
  3 hobgoblins
  2 ball pythons
  2 frilled lizards (D:1)
  A kobold (D:1)
  4 rats (D:1)
17 creatures vanquished.

Vanquished Creatures (others)
  12 plants (D:2)
12 creatures vanquished.

Grand Total: 29 creatures vanquished

Notes
Turn   | Place    | Note
-------+----------+-------------------------------------------
     0 | D:1      | qw the Ghoul Fire Elementalist began the quest for the Orb.
     0 | D:1      | Reached XP level 1. HP: 14/14 MP: 2/2
     0 | D:1      | 0 ||| qw: Version: 0.1-a-90-g952f4b7
     0 | D:1      | 0 ||| qw: Game counter: 4155
     0 | D:1      | 0 ||| qw: Always use a shield: true
     0 | D:1      | 0 ||| qw: God list: Okawaru
     0 | D:1      | 0 ||| qw: Allow faded altars: false
     0 | D:1      | 0 ||| qw: Do Orc after D:15 true
     0 | D:1      | 0 ||| qw: Do second Lair branch before Depths: true
     0 | D:1      | 0 ||| qw: Lair rune preference: random
     0 | D:1      | 0 ||| qw: Plans: Normal
     0 | D:1      | 0 ||| PLANNING D:1-11
   274 | D:1      | 274 ||| Stepping ~*~*~tactically~*~*~ (stealth).
   279 | D:1      | 279 ||| Stepping ~*~*~tactically~*~*~ (outnumbered).
   280 | D:1      | 280 ||| Stepping ~*~*~tactically~*~*~ (outnumbered).
   281 | D:1      | 281 ||| Stepping ~*~*~tactically~*~*~ (outnumbered).
   282 | D:1      | 282 ||| Stepping ~*~*~tactically~*~*~ (outnumbered).
   283 | D:1      | 283 ||| Stepping ~*~*~tactically~*~*~ (outnumbered).
   285 | D:1      | Reached skill level 1 in Unarmed Combat
   298 | D:1      | 298 ||| Stepping ~*~*~tactically~*~*~ (stealth).
   311 | D:1      | 311 ||| Stepping ~*~*~tactically~*~*~ (stealth).
   324 | D:1      | HP: 3/14 [giant cockroach (2)]
   735 | D:1      | Reached skill level 1 in Fighting
   735 | D:1      | Reached XP level 2. HP: 23/23 MP: 3/3
  1298 | D:1      | Reached XP level 3. HP: 28/28 MP: 4/4
  1303 | D:1      | 1303 ||| READING scroll labelled AXTUHO XI YTEPS.
  1304 | D:1      | 1304 ||| READING scroll labelled FOHAVO ALOEKO.
  1305 | D:1      | 1305 ||| READING 2 scrolls labelled YNAUSI JEQ DEA.
  1306 | D:1      | 1306 ||| DROPPING potion of magic.
  1307 | D:1      | 1307 ||| DROPPING scroll of amnesia.
  1492 | D:2      | 1492 ||| Stepping ~*~*~tactically~*~*~ (stealth).
  1494 | D:2      | 1494 ||| Stepping ~*~*~tactically~*~*~ (stealth).
  1501 | D:2      | HP: 6/28 [gnoll/+0 spear (7)]
  1502 | D:2      | Slain by a gnoll

Levels and vault maps discovered:
D:1:      minmay_arrival_four_houses, layout_basic
D:2:      layout_loops_corners, nicolae_grassy_gnolls

Skill      XL: |  1  2 |
---------------+-------+-----
Unarmed Combat | 1 2 |  2.5
Fighting       | 1 |  1.0
Dodging        | |  1.7
Stealth        | |  2.1
Spellcasting   | |  1.7
Conjurations   | |  0.7
Fire Magic     | |  2.4

Action                   || total
-------------------------++-------
Melee: Unarmed           ||    55
       Punch             ||     1
  Use: Scroll            ||     3
Armor: Robe              ||     6
Dodge: Dodged            ||    21

Table legend:
 A = Non-vault XP
 B = Vault XP
 C = Vault XP percentage of total XP
 D = Non-vault monster count
 E = Vault monster count
 F = Vault count percentage of total count
                 A         B        C        D         E       F
            +---------+---------+-------+---------+---------+-------
      Total |      37 |       0 |   0.0 |      17 |       0 |   0.0
            +---------+---------+-------+---------+---------+-------
        D:1 |      34 |       0 |   0.0 |      15 |       0 |   0.0
        D:2 |       3 |       0 |   0.0 |       2 |       0 |   0.0
            +---------+---------+-------+---------+---------+-------
